 Dungeon Crawl Stone Soup version bcrawl-1.19.1 (webtiles) character file.

Game seed: 3678247146501323535

65 Freyura the Chopper (level 3, -6/22 HPs)
             Began as a Skeleton Gladiator on Dec 8, 2019.
             Killed by divine providence
             ... invoked by an orc priest
              (12 damage)
             ... on level 2 of the Dungeon.
             The game lasted 00:02:28 (1357 turns).

Freyura the Chopper (Skeleton Gladiator)            Turns: 1357, Time: 00:02:28

Health: -6/22      AC:  9    Str: 19 (20) XL:     3   Next: 92%
Magic:  0/3        EV:  9    Int:  6      God:
Gold:   51         SH:  0    Dex: 11      Spells: 2/2 levels left

rFire    . . .     SeeInvis .   a - +0 war axe
rCold    + . .     Gourm    .   (no shield)
rNeg     + + +     Faith    .   g - +0 chain mail
rPois    ∞         Spirit   +   c - +0 helmet
rElec    .         Reflect  .   (no cloak)
rCorr    .         Harm     .   (no gloves)
MR       .....                  (no boots)
Stlth    ..........             (no amulet)
HPRegen  0.07/turn              (no ring)
MPRegen  0.08/turn              (no ring)

@: no status effects
A: no food or potions, cold resistance 1, deterioration 1, negative energy
resistance 3, torment resistance, unbreathing, magic shield, sturdy frame 1,
spell healing
a: no special abilities


You were on level 2 of the Dungeon.
You were not hungry.

You visited 1 branch of the dungeon, and saw 2 of its levels.

You collected 51 gold pieces.

Inventory:

Hand Weapons
 a - a +0 war axe (weapon)
Missiles
 d - 3 throwing nets (quivered) {!f}
Armour
 c - a +0 helmet (worn)
 g - a +0 chain mail (worn)
Scrolls
 b - a scroll of magic mapping {unknown}


   Skills:
 + Level 2.7 Fighting
 * Level 4.9 Axes
 - Level 1.7 Throwing
 + Level 1.7 Armour
 - Level 3.0 Dodging


You had 2 spell levels left.
You didn't know any spells.
Your spell library was empty.

Dungeon Overview and Level Annotations

Branches:
Dungeon (2/12)

Altars:


Innate Abilities, Weirdness & Mutations

You do not eat or drink.
You are immune to poison.
Your flesh is cold resistant. (rC+)
Your body sometimes deteriorates upon taking damage.
You are immune to negative energy. (rN+++)
You are immune to unholy pain and torment.
You can survive without breathing.
When hurt, damage is shared between your health and your magic reserves.
Your movements are slightly less encumbered by armour. (ER -2)
Casting spells heals you.


Message History

You kill the orc wizard!
You feel your strength returning.
You feel your intelligence returning. The orc hits you with a +0 hand axe.
You slash the orc!
You kill the orc!
An orc priest comes into view. It is wielding a +0 flail of crushing.
The orc priest mumbles some strange prayers to Beogh against you.
Beogh smites you!
* * * LOW HITPOINT WARNING * * *
Your body deteriorates!
You feel weakened.
Items here: )) [ † a +0 hand axe; a +0 dagger; a +0 robe; an orc corpse You are too injured to fight recklessly!
The orc priest hits you but does no damage.
You hit the orc priest.
The orc priest is heavily wounded.
The orc priest calls down the wrath of Beogh upon you.
Beogh smites you!
Ouch! That really hurt!
You die...

#####
#.########....
#.#%..........
#.#.######.###
#.#.# #.# #.#.# #.#
#.#)# #.#
######†#.######.###
#.@).............[.
#o####.#.######.###
#. #.#.# #)# #.
#.#.# #.# #. #.#..
..# #. #.... ####
#. ###### #.


You could see an orc priest.

Vanquished Creatures
  An orc wizard (D:2)
  A worm (D:2)
  5 dart slugs (D:1)
  An orc (D:2)
  2 goblins (D:1)
  6 hobgoblins
  A bat (D:1)
  2 frilled lizards (D:1)
  6 kobolds
  2 rats
27 creatures vanquished.

Notes
Turn   | Place    | Note
-------+----------+-------------------------------------------
     0 | D:1      | Freyura the Skeleton Gladiator began the quest for the Orb.
     0 | D:1      | Reached XP level 1. HP: 12/12 MP: 1/1
   203 | D:1      | Reached skill level 4 in Axes
   203 | D:1      | Reached XP level 2. HP: 14/17 MP: 0/2
   694 | D:1      | Reached skill level 1 in Armour
  1129 | D:1      | Reached XP level 3. HP: 22/22 MP: 3/3
  1357 | D:2      | Killed from afar by an orc priest

Skill      XL: |  1  2 |
---------------+-------+-----
Axes           | 4 |  4.9
Armour         | 1 |  1.7
Fighting       | |  2.7
Throwing       | |  1.7
Dodging        | |  3.0

Action                   || total
-------------------------++-------
Melee: War axe           ||    75
  Use: Scroll            ||     2
Armor: Leather armour    ||    15
       Chain mail        ||     7
Dodge: Dodged            ||    38
